 Dungeon Crawl Stone Soup version 0.29.0-4-gdea44cf6ec (webtiles) character file.

Game seed: 9173733268449824461

30 qw the Sneak (level 3, -6/23 HPs)
             Began as a Gargoyle Delver on Sept 10, 2022.
             Mangled by Menkaure (18 damage)
             ... on level 5 of the Dungeon.
             The game lasted 00:00:04 (310 turns).

qw the Sneak (Gargoyle Delver)                       Turns: 310, Time: 00:00:05

Health: -6/23      AC:  6    Str: 17    XL:     3   Next: 18%
Magic:  3/3        EV: 11    Int: 10    God:
Gold:   0          SH:  0    Dex: 11    Spells: 2/2 levels left

rFire   . . .      SeeInvis .   a - +0 hand axe
rCold   . . .      Faith    .   (no shield)
rNeg    + . .      Spirit   .   b - +0 leather armour
rPois   inf        Reflect  .   (no helmet)
rElec   +          Harm     .   (no cloak)
rCorr   .          Rampage  .   (no gloves)
Will    .....                   (no boots)
Stlth   +++.......              (no amulet)
HPRegen 0.07/turn               (no ring)
MPRegen 0.08/turn               (no ring)

@: no status effects
A: sickness immunity, AC +3, negative energy resistance 1, electricity
resistance, torment resistance 1, petrification resistance
a: no special abilities


You were on level 5 of the Dungeon.
You visited 1 branch of the dungeon, and saw 1 of its levels.


Innate Abilities, Weirdness & Mutations

You are immune to sickness and miasma.
Your stone body is resilient. (AC +3)
You are immune to poison.
You resist negative energy. (rN+)
You are resistant to electric shocks. (rElec)
You are resistant to unholy torment.
You are immune to petrification.


   Skills:
 - Level 3.2 Fighting
 + Level 3.2 Axes
 - Level 1.5 Dodging
 - Level 5.4 Stealth


You had 2 spell levels left.
You didn't know any spells.
Your spell library was empty.

Inventory:

Hand Weapons
 a - a +0 hand axe (weapon)
Armour
 b - a +0 leather armour (worn)
Wands
 g - a wand of digging (3)
Scrolls
 c - a scroll of fog
 d - a scroll of magic mapping
 e - a scroll of fear
Potions
 f - a potion of haste

Dungeon Overview and Level Annotations

Branches:
Dungeon (5/15)
 Temple: D:4-7

Altars:

Annotations:
D:5 Menkaure


Message History

You start resting.
An adder is nearby!
167 ||| Stepping ~*~*~tactically~*~*~ (stealth).
You start resting.
An adder is nearby!
174 ||| Stepping ~*~*~tactically~*~*~ (stealth).
You start resting.
HP restored.
You open the door.
Menkaure, Prince of Dust comes into view.
Menkaure shouts!
There is an open door here.
Enter note:
296 ||| Stepping ~*~*~tactically~*~*~ (hiding).
You start waiting.
Menkaure is nearby!
There is an open door here.
You completely miss Menkaure. Menkaure closely misses you.
You hit Menkaure.
Menkaure is lightly damaged.
Menkaure hits you!
You closely miss Menkaure.
Menkaure is lightly damaged.
The adder hisses angrily.
You hit Menkaure.
Menkaure is lightly damaged.
Menkaure barely misses you.
You hit Menkaure.
Menkaure is moderately damaged.
Menkaure hits you.
You hit Menkaure.
Menkaure is heavily damaged.
Menkaure closely misses you.
You closely miss Menkaure.
Menkaure is heavily damaged.
Menkaure murmurs, "Let me perform the rites..."
Menkaure hits you!!
Ouch! That really hurt!
You die...

.... ..... ... ..... #..
##.....
#####..###.......
#........#.......
#........#.......
#........#....... .....o
#........@M...... ..o...
#..##....#.......
......##..##....#S......
......#...##....#....###
......#.........#....#
...o..#.........#....#
......###'##...>#....#
.........).#....#....#
........S..#....#


You could see Menkaure and an adder.

Vanquished Creatures
  An orc priest (D:5)
1 creature vanquished.

Notes
Turn   | Place    | Note
-------+----------+-------------------------------------------
     0 | D:5      | qw the Gargoyle Delver began the quest for the Orb.
     0 | D:5      | Reached XP level 1. HP: 14/14 MP: 1/1
     0 | D:5      | 0 ||| qw: Version: 0.1-a-116-g5d60599
     0 | D:5      | 0 ||| qw: Game counter: 8766
     0 | D:5      | 0 ||| qw: Always use a shield: true
     0 | D:5      | 0 ||| qw: God list: Okawaru
     0 | D:5      | 0 ||| qw: Allow faded altars: false
     0 | D:5      | 0 ||| qw: Do Orc after D:15 true
     0 | D:5      | 0 ||| qw: Do second Lair branch before Depths: true
     0 | D:5      | 0 ||| qw: Lair rune preference: random
     0 | D:5      | 0 ||| qw: Plans: Normal
     0 | D:5      | 0 ||| PLANNING D:1-11
    12 | D:5      | Noticed an orc priest
    13 | D:5      | 13 ||| Stepping ~*~*~tactically~*~*~ (hiding).
   116 | D:5      | 116 ||| Stepping ~*~*~tactically~*~*~ (hiding).
   117 | D:5      | 117 ||| Stepping ~*~*~tactically~*~*~ (hiding).
   118 | D:5      | 118 ||| Stepping ~*~*~tactically~*~*~ (hiding).
   120 | D:5      | 120 ||| Stepping ~*~*~tactically~*~*~ (hiding).
   129 | D:5      | Killed an orc priest
   130 | D:5      | Reached skill level 3 in Axes
   130 | D:5      | Reached XP level 2. HP: 9/19 MP: 2/2
   130 | D:5      | Reached XP level 3. HP: 11/23 MP: 3/3
   163 | D:5      | 163 ||| Stepping ~*~*~tactically~*~*~ (stealth).
   164 | D:5      | 164 ||| Stepping ~*~*~tactically~*~*~ (stealth).
   167 | D:5      | 167 ||| Stepping ~*~*~tactically~*~*~ (stealth).
   174 | D:5      | 174 ||| Stepping ~*~*~tactically~*~*~ (stealth).
   295 | D:5      | Noticed Menkaure
   296 | D:5      | 296 ||| Stepping ~*~*~tactically~*~*~ (hiding).
   310 | D:5      | Mangled by Menkaure

Levels and vault maps discovered:
D:5:      layout_gridville, uniq_menkaure

Skill      XL: |  1 |
---------------+----+-----
Axes           | 3 |  3.2
Fighting       | |  3.2
Dodging        | |  1.5
Stealth        | |  5.4

Action                   || total
-------------------------++-------
Melee: Hand axe          ||    12
Dodge: Dodged            ||     6

Table legend:
 A = Non-vault XP
 B = Vault XP
 C = Vault XP percentage of total XP
 D = Non-vault monster count
 E = Vault monster count
 F = Vault count percentage of total count
                 A         B        C        D         E       F
            +---------+---------+-------+---------+---------+-------
      Total |      43 |       0 |   0.0 |       1 |       0 |   0.0
            +---------+---------+-------+---------+---------+-------
        D:5 |      43 |       0 |   0.0 |       1 |       0 |   0.0
            +---------+---------+-------+---------+---------+-------
